 Dungeon Crawl Stone Soup version 0.28-a0-8-g6e044cfa68 (webtiles) character file.

Game seed: 8285507090433025652

364 bande the Covered (level 6, 0/38 HPs)
             Began as a Gargoyle Fighter on July 24, 2021.
             Shot with an arrow by a centaur (4 damage)
             ... on level 4 of the Dungeon.
             The game lasted 00:05:17 (3208 turns).

bande the Covered (Gargoyle Fighter)                Turns: 3208, Time: 00:05:18

Health: 0/38       AC: 16    Str: 18 (21) XL:     6   Next: 67%
Magic:  6/6        EV:  5    Int:  7 (8)  God:
Gold:   120        SH:  9    Dex:  9 (10) Spells: 5/5 levels left

rFire   . . .      SeeInvis .   a - +0 war axe
rCold   . . .      Faith    .   c - +0 kite shield
rNeg    + . .      Spirit   .   l - +0 chain mail
rPois   ∞          Reflect  .   (no helmet)
rElec   +          Harm     .   o - +0 cloak
rCorr   .          Rampage  .   (no gloves)
Will    .....                   h - +0 pair of boots
Stlth   ..........              (no amulet)
HPRegen 0.12/turn               (no ring)
MPRegen 0.10/turn               (no ring)

@: no status effects
A: sickness immunity, AC +4, negative energy resistance 1, electricity
resistance, torment resistance 1, petrification resistance
a: no special abilities


You were on level 4 of the Dungeon.
You visited 1 branch of the dungeon, and saw 4 of its levels.
You also visited: Sewer.

You collected 120 gold pieces.

Inventory:

Hand Weapons
 a - a +0 war axe (weapon)
 n - a +0 flail of draining
Armour
 c - a +0 kite shield (worn)
 h - a +0 pair of boots (worn)
 l - a +0 chain mail (worn)
 o - a +0 cloak (worn)
Jewellery
 e - an amulet of the acrobat
Scrolls
 g - a scroll of identify
Potions
 b - a potion of berserk rage
 d - a potion of might
 f - 4 potions of heal wounds
 m - 3 potions of flight


   Skills:
 + Level 4.1 Fighting
 + Level 4.1 Axes
 + Level 4.8 Armour
 + Level 1.0 Dodging
 + Level 4.4 Shields


You had 5 spell levels left.
You didn't know any spells.
Your spell library contained the following spells:

 Spells                   Type           Power      Damage    Failure   Level
 Poisonous Vapours        Pois/Air       0%         N/A       100%        2
 Mephitic Cloud           Conj/Pois/Air  0%         N/A       100%        3
 Petrify                  Tmut/Erth      0%         N/A       100%        4
 Freezing Cloud           Conj/Ice/Air   0%         6-21      100%        5
 Irradiate                Conj/Tmut      0%         3d14      100%        5
 Sublimation of Blood     Necr           Unusable   N/A       N/A         2

Dungeon Overview and Level Annotations

Branches:
Dungeon (4/15)              Sewer (visited)
 Temple: D:4-7

Altars:
Cheibriados
Hepliaklqana
Nemelex Xobeh
Qazlal
Trog
Wu Jian


Innate Abilities, Weirdness & Mutations

You are immune to sickness and miasma.
Your stone body is resilient. (AC +4)
You are immune to poison.
You resist negative energy. (rN+)
You are resistant to electric shocks. (rElec)
You are resistant to unholy torment.
You are immune to petrification.


Message History

A gnoll comes into view. It is wielding a +0 spear.
A centaur comes into view.
The centaur shouts!
The centaur wields a +0 shortbow.
The centaur shoots an arrow.
You block the arrow. The gnoll hits you with a +0 spear.
You closely miss the gnoll.
The centaur shoots an arrow.
The arrow hits you. The gnoll hits you but does no damage.
The gnoll hits you from afar with a +0 spear.
You block the gnoll's attack. x2; The centaur shoots an arrow.
The arrow hits you.
You closely miss the gnoll.
The centaur shoots an arrow.
The arrow hits you.
The gnoll hits you but does no damage. x2
You are too injured to fight recklessly!
You are too injured to fight recklessly!
You are too injured to fight recklessly!
You are too injured to fight recklessly!
You are too injured to fight recklessly!
You are too injured to fight recklessly!
You are too injured to fight recklessly!
You are too injured to fight recklessly!
You are too injured to fight recklessly!
You are too injured to fight recklessly!
Unknown command.
You block the gnoll's attack.
The centaur shoots an arrow.
The arrow hits you but does no damage.
You see here a +0 whip.
The gnoll hits you but does no damage.
The centaur shoots an arrow.
The arrow hits you but does no damage.
The centaur shoots an arrow.
You block the arrow.
The centaur shoots an arrow.
The arrow hits you but does no damage.
The centaur shoots an arrow.
The arrow hits you.
The centaur shoots an arrow.
The arrow hits you but does no damage.
The centaur shoots an arrow.
You block the arrow.
The centaur shoots an arrow.
You block the arrow.
The centaur shoots an arrow.
The arrow hits you!
* * * LOW HITPOINT WARNING * * *
The centaur shoots an arrow.
The arrow hits you.
* * * LOW HITPOINT WARNING * * *
The centaur shoots an arrow.
The arrow hits you.
You die...

.......# ###....# ....c....#
##########....### ......... #
#......### #.....# # #.##..##
#.##### ######.##.## #.c).g#
.....).##.## #####.#
######.....##### ###.##
###.#.#.....#############.....
##
#...#.#####..@......c....g....
.###.###.#
###############.....
.......#.# ######
#..###...#### ..## ##.....#
### ###.#### # #.....# ##
#.....# .## #.....#


You could see a centaur.

Vanquished Creatures
  A kobold brigand (Sewer)
  A howler monkey (D:4)
  A hound (D:3)
  Terence (D:3)
  A gnoll (D:4)
  2 howler monkey skeletons
  5 adders
  5 river rats
  A worm (D:2)
  2 dart slugs
  An orc (D:3)
  5 endoplasms
  6 giant cockroaches
  2 goblins
  7 hobgoblins
  4 jackals
  6 kobolds
  4 quokkas
  5 ball pythons
  4 bats
  5 frilled lizards
  13 rats
82 creatures vanquished.

Vanquished Creatures (others)
  5 plants (D:3)
5 creatures vanquished.

Grand Total: 87 creatures vanquished

Notes
Turn   | Place    | Note
-------+----------+-------------------------------------------
     0 | D:1      | bande the Gargoyle Fighter began the quest for the Orb.
     0 | D:1      | Reached XP level 1. HP: 14/14 MP: 1/1
    61 | D:1      | Reached XP level 2. HP: 10/19 MP: 2/2
   625 | D:1      | Reached XP level 3. HP: 16/23 MP: 3/3
  1468 | D:2      | Reached XP level 4. HP: 29/29 MP: 4/4
  1876 | D:3      | Found a snail-covered altar of Cheibriados.
  1885 | D:3      | Reached XP level 5. HP: 30/33 MP: 5/5
  1961 | D:3      | Noticed Terence
  1974 | D:3      | Killed Terence
  2145 | D:3      | Found a hazy altar of Hepliaklqana.
  2152 | D:3      | Found an ornate altar of the Wu Jian Council.
  2154 | D:3      | Found a stormy altar of Qazlal.
  2173 | D:3      | Found a bloodstained altar of Trog.
  2176 | D:3      | Found a sparkling altar of Nemelex Xobeh.
  2416 | D:4      | Found a glowing drain.
  2463 | Sewer    | Entered a sewer
  2475 | Sewer    | Reached skill level 1 in Dodging
  2486 | Sewer    | Reached XP level 6. HP: 33/38 MP: 6/6
  2859 | Sewer    | Found a white marble altar of Elyvilon.
  3208 | D:4      | Shot with an arrow by a centaur

Illustrated notes

Levels and vault maps discovered:
D:1:      giann_bridges, layout_basic
D:2:      layout_rooms, hex_intersection, minmay_misc_feat_iff
D:3:      layout_rooms, mainiacjoe_overflow_paths,
          minmay_overflow_temple_star_hex, serial_forest,
          infiniplex_forest_end_2, infiniplex_forest_clump_long,
          infiniplex_forest_end_1, infiniplex_forest_lined_2,
          infiniplex_forest_lined_room_3, infiniplex_forest_clump_long,
          uniq_terence
D:4:      layout_rooms, grunt_temple_overflow_gold_and_silver,
          portal_sewer_entry_a

Skill      XL: |  1  2  3  4  5  6 |
---------------+-------------------+-----
Axes           | 2 3 4 |  4.1
Armour         | 4 |  4.8
Shields        | 4 |  4.4
Fighting       | 4 |  4.1
Dodging        | 1 |  1.0

Action                   |  1- 3 |  4- 6 || total
-------------------------+-------+-------++-------
Melee: War axe           |    98 |   173 ||   271
  Use: Scroll            |       |     3 ||     3
       Potion            |       |     5 ||     5
Armor: Scale mail        |    88 |    30 ||   118
       Chain mail        |       |    81 ||    81
Dodge: Dodged            |    47 |    49 ||    96
Block: Kite shield       |    63 |    83 ||   146

Table legend: (Time is in decaauts)
 A = Elapsed time spent in this place.
 B = Non-inter-level travel time spent in this place.
 C = Inter-level travel time spent in this place.
 D = Time resting spent in this place.
 E = Time spent auto-exploring this place.
 F = Levels seen in this place.
 G = Mean time per level.
                   A        B        C        D        E       F      G
               +--------+--------+--------+--------+--------+-----+--------+
         Total |   3390 |   3364 |     26 |    726 |   1863 |   5 |  678.0 |
       Dungeon |   2898 |   2872 |     26 |    468 |   1744 |   4 |  724.5 |
         Sewer |    492 |    492 |      0 |    258 |    118 |   1 |  492.0 |
               +--------+--------+--------+--------+--------+-----+--------+

Top non-repeatable levels by time:
     D:1: 1000 daAuts
     D:3: 893 daAuts
     D:2: 625 daAuts
   Sewer: 492 daAuts
     D:4: 379 daAuts
